 Dungeon Sprint DCSS version 0.17.1-3-g152610e (webtiles) character file.

632 Kokonut the Grappler (level 7, -13/78 HPs)
             Began as a Troll Berserker on Feb 27, 2016.
             Was a Priest of Trog.
             Shot with a poisoned arrow by a centaur warrior (19 damage)
             ... in the Dungeon (Sprint I: "Red Sonja").
             The game lasted 00:01:28 (238 turns).

Kokonut the Grappler (Troll Berserker)               Turns: 238, Time: 00:01:28

Health: -13/78     AC:  6    Str: 27    XL:     7   Next: 24%
Magic:  6/6        EV: 12    Int:  3    God:    Trog [***...]
Gold:   405        SH:  0    Dex: 10    Spells: 0 memorised, 6 levels left

rFire  . . .     SeeInvis .       - Unarmed
rCold  . . .     Clarity  .     a - +0 animal skin
rNeg   . . .     SustAt   .     (no shield)
rPois  .         Gourm    +     (helmet restricted)
rElec  .         Spirit   .     k - +0 cloak
rCorr  .         Warding  .     (gloves unavailable)
rMut   .         NoTele   +     (boots unavailable)
MR     .....                    (no amulet)
Stlth  +.........               (no ring)
                                (no ring)

@: lethally poisoned (-13 -> -35), exhausted, slowed, very slow, not resistant
to hostile enchantments, very unstealthy
A: unfitting armour, claws 3, fast metabolism 3, gourmand, regeneration 2,
shaggy fur 1, tough skin 2
a: Berserk, Trog's Hand, Burn Spellbooks, Renounce Religion


You were in the Dungeon.
You worshipped Trog.
Trog was most pleased with you.
You were not hungry.

You visited 1 branch You collected 405 gold pieces.

Inventory:

Armour
 a - a +0 animal skin (worn)
 k - a +0 cloak (worn)
Wands
 i - a wand of random effects (28)
Scrolls
 h - a scroll of blinking
 j - a scroll of identify {unknown}
 l - a scroll of fog {unknown}
Potions
 c - a potion of curing
 d - a potion of heal wounds
 e - a potion of haste
 f - 2 potions of magic
 g - a potion of berserk rage
Comestibles
 b - 2 bread rations


   Skills:
 + Level 7.0 Fighting
 + Level 7.1 Dodging
 * Level 11.4 Unarmed Combat


You had 6 spell levels left.
You didn't know any spells.

Dungeon Overview and Level Annotations

Branches:
Dungeon (1/1)

Altars:
Cheibriados
Dithmenos
Elyvilon
Fedhas
Gozag
Kikubaaqudgha
Makhleb
Nemelex Xobeh
Okawaru
Qazlal
Ru
Sif Muna
Trog
Vehumet
Xom
Yredelemnul
Zin
The Shining One
Jiyva

Shops:
D [


Innate Abilities, Weirdness & Mutations

You are too large for most types of armour.
You have claws for hands.
Your metabolism is lightning-fast.
You like to eat raw meat.
You heal very quickly.
You are covered in fur (AC +1).
You have very tough skin (AC +2).


Message History

The centaur warrior is moderately wounded.
The centaur warrior shoots a poisoned arrow.
The poisoned arrow hits you!!
You are poisoned.
The centaur warrior barely misses you.
The centaur warrior shoots a poisoned arrow.
The poisoned arrow hits you!
You are more poisoned.
You closely miss the centaur warrior.
The centaur warrior is moderately wounded.
You feel very sick. The centaur warrior hits you.
The centaur warrior shoots a poisoned arrow.
The poisoned arrow hits you!
* * * LOW HITPOINT WARNING * * *
The centaur warrior hits you!
* * * LOW HITPOINT WARNING * * *
The centaur warrior shoots a poisoned arrow.
The poisoned arrow hits you!!
You die...

######################
#<.#..)..#..'..#__#..+
#..').#..').#..'..'..#
#..#####+#####'#__####
#..####..#...#.####
#..#__####..##@#
#..#_..__##'#§c§c§§§
#⌠⌠#_.∩...'..._#≈≈§§§
####_..._##§.#+##+###
#_____###+#.# #######
###


You could see 2 centaur warriors.

Vanquished Creatures
  A slime creature (D)
  Sigmund (D)
  A yak (D)
  An ogre (D)
  Ijyb (D)
  A jelly (D)
6 creatures vanquished.

Vanquished Creatures (others)
  A gargoyle (D)
1 creature vanquished.

Grand Total: 7 creatures vanquished

Notes
Turn   | Place    | Note
--------------------------------------------------------------
     0 | D        | Kokonut the Troll Berserker began the quest for the Orb.
     0 | D        | Reached XP level 1. HP: 22/22 MP: 0/0
     2 | D        | Noticed Ijyb
    13 | D        | Killed Ijyb
    13 | D        | Reached skill level 5 in Unarmed Combat
    13 | D        | Reached XP level 2. HP: 29/31 MP: 1/1
    16 | D        | Noticed an ogre
    21 | D        | Killed an ogre
    21 | D        | Reached ** piety under Trog
    21 | D        | Reached skill level 7 in Unarmed Combat
    21 | D        | Reached XP level 3. HP: 40/40 MP: 2/2
    21 | D        | Reached XP level 4. HP: 49/49 MP: 3/3
    61 | D        | Noticed Sigmund
    73 | D        | Killed Sigmund
    73 | D        | Reached skill level 5 in Fighting
    73 | D        | Reached skill level 5 in Dodging
    73 | D        | Reached skill level 9 in Unarmed Combat
    73 | D        | Reached XP level 5. HP: 55/59 MP: 4/4
    73 | D        | Reached XP level 6. HP: 62/67 MP: 5/5
    77 | D        | Killed a gargoyle
    99 | D        | Found a deep blue altar of Sif Muna.
   100 | D        | Noticed a jelly
   101 | D        | Found a radiant altar of Vehumet.
   106 | D        | Killed a jelly
   135 | D        | Found Neosm's Armour Emporium.
   135 | D        | Found a white marble altar of Elyvilon.
   135 | D        | Found a stormy altar of Qazlal.
   135 | D        | Found a burning altar of Makhleb.
   135 | D        | Found a sacrificial altar of Ru.
   135 | D        | Found a basalt altar of Yredelemnul.
   135 | D        | Found a glowing golden altar of the Shining One.
   135 | D        | Found a sparkling altar of Nemelex Xobeh.
   135 | D        | Found a shimmering altar of Xom.
   135 | D        | Found an opulent altar of Gozag.
   135 | D        | Found an ancient bone altar of Kikubaaqudgha.
   135 | D        | Found a glowing silver altar of Zin.
   135 | D        | Noticed a yak
   143 | D        | Killed a yak
   143 | D        | Reached *** piety under Trog
   143 | D        | Reached skill level 10 in Unarmed Combat
   144 | D        | Found an iron altar of Okawaru.
   145 | D        | Found a bloodstained altar of Trog.
   203 | D        | Found a snail-covered altar of Cheibriados.
   203 | D        | Found a viscous altar of Jiyva.
   203 | D        | Found a shadowy altar of Dithmenos.
   203 | D        | Found a blossoming altar of Fedhas.
   203 | D        | Noticed a slime creature
   208 | D        | Killed a slime creature
   208 | D        | Reached skill level 11 in Unarmed Combat
   208 | D        | Reached XP level 7. HP: 78/78 MP: 6/6
   234 | D        | Noticed a centaur warrior
   234 | D        | Noticed a centaur warrior
   238 | D        | Shot with a poisoned arrow by a centaur warrior

Action                   |  1- 3 |  4- 6 |  7- 9 || total
-------------------------+-------+-------+-------++-------
Melee: Unarmed           |    14 |    23 |     5 ||    42
Invok: Berserk           |     1 |     1 |       ||     2
  Eat: Chunk             |       |     3 |       ||     3
